 Dungeon Crawl Stone Soup version 0.29.1-13-g9f3cf754e1 (webtiles) character file.

Game seed: 9912663042939341421

1529 Thatpatchoflichen the Trooper (level 8, 0/67 HPs)
             Began as a Barachi Hunter on Jan 26, 2023.
             Was an Initiate of Ashenzari.
             Slain by a water moccasin (4 damage)
             ... on level 7 of the Dungeon.
             The game lasted 00:25:41 (6620 turns).

Thatpatchoflichen the Trooper (Barachi Hunter)      Turns: 6620, Time: 00:25:43

Health: 0/67       AC:  7    Str: 19    XL:     8   Next: 85%
Magic:  8/8        EV: 13    Int: 10    God:    Ashenzari [......]
Gold:   277        SH:  0    Dex: 17    Spells: 7/7 levels left

rFire   x . .      SeeInvis .   a - +0 shortbow
rCold   + . .      Faith    .   (shield currently unavailable)
rNeg    . . .      Spirit   .   q - +0 scale mail
rPois   .          Reflect  .   (no helmet)
rElec   .          Harm     .   (no cloak)
rCorr   .          Rampage  .   (no gloves)
Will    .....                   (no boots)
Stlth   +.........              z - amulet of regeneration
HPRegen 1.01/turn               m - +6 ring of strength
MPRegen 0.11/turn               l - ring of ice

@: lethally poisoned (0 -> -3), flying, slow
A: amphibious, slowness 1, strong legs 1, +LOS
a: Hop, Renounce Religion, Curse Item


You were on level 7 of the Dungeon.
You worshipped Ashenzari.
Ashenzari was noncommittal.
You visited 2 branches of the dungeon, and saw 8 of its levels.

You collected 277 gold pieces.

Inventory:

Hand Weapons
 a - a +0 shortbow (weapon)
 D - a +3 rapier
Missiles
 k - 7 boomerangs
 y - 3 atropa-tipped darts
Armour
 c - a +0 leather armour
 q - a +0 scale mail (worn)
 C - a +0 chain mail
Jewellery
 l - a ring of ice (right hand)
 m - a +6 ring of strength (left hand)
 p - a +6 ring of strength
 z - an amulet of regeneration (around neck)
Scrolls
 b - 2 scrolls of immolation
 f - a scroll of brand weapon {unknown}
 g - a scroll of fear {unknown}
 h - 2 scrolls of enchant weapon
 j - 2 scrolls of teleportation {unknown}
 n - 4 scrolls of fog
 o - a scroll of magic mapping {unknown}
 u - a scroll of summoning {unknown}
 v - a scroll of silence {unknown}
 w - 4 scrolls of noise
 x - 3 scrolls of identify
 A - a scroll of amnesia {unknown}
Potions
 d - a potion of magic {unknown}
 e - 3 potions of heal wounds
 i - 2 potions of might {unknown}
 r - 2 potions of flight
 s - 2 potions of degeneration {unknown}
 t - a potion of curing {unknown}
 B - a potion of haste {unknown}


   Skills:
 + Level 7.0 Fighting
 + Level 6.7 Ranged Weapons
 - Level 6.0 Armour
 - Level 6.0 Dodging
 - Level 2.0 Stealth


You had 7 spell levels left.
You didn't know any spells.
Your spell library contained the following spells:

 Spells                   Type           Power      Damage    Failure   Level
 Gell's Gravitas          Tloc           0%         N/A       97%         3
 Teleport Other           Tloc           0%         N/A       97%         3
 Airstrike                Air            0%         2d(0-16)  100%        4
 Summon Lightning Spire   Summ/Air       0%         N/A       100%        4
 Lightning Bolt           Conj/Air       0%         1d11      100%        5
 Dispersal                Tloc           0%         N/A       100%        6


Dungeon Overview and Level Annotations

Branches:
Dungeon (7/15)             Temple (1/1) D:6

Altars:
Ashenzari
Elyvilon
Gozag
Hepliaklqana
Kikubaaqudgha
Makhleb
Okawaru
Qazlal
Uskayaw
Vehumet
Wu Jian
Xom
Yredelemnul
Zin

Shops:
D:1 ?   D:6 **=[


Innate Abilities, Weirdness & Mutations

You are amphibious.
You cover ground slowly.
You can hop short distances.
You have an extended range of vision and can be seen from far away.


Message History

Fire: a) +0 shortbow
Press: ? - help, Q - select action, (/) - cycle Shift-Dir - straight line, f/p - water moccasin
Aim: a water moccasin (heavily wounded, 51% to hit)
You shoot an arrow. The arrow misses the water moccasin.
You feel extremely sick. The water moccasin misses you.
The water moccasin bites you.
You are more poisoned.
The water moccasin poisons you!
Fire: a) +0 shortbow
Press: ? - help, Q - select action, (/) - cycle Shift-Dir - straight line, f/p - water moccasin
Aim: a water moccasin (heavily wounded, 51% to hit)
You shoot an arrow. The arrow misses the water moccasin.
* * * LOW HITPOINT WARNING * * *
You feel extremely sick. The water moccasin misses you.
Fire: a) +0 shortbow
Press: ? - help, Q - select action, (/) - cycle Shift-Dir - straight line, f/p - water moccasin
Aim: a water moccasin (heavily wounded, 51% to hit)
You shoot an arrow. The arrow hits the water moccasin.
The water moccasin is heavily wounded.
* * * LOW HITPOINT WARNING * * *
You feel very sick.
The water moccasin barely misses you. x2
Fire: a) +0 shortbow
Press: ? - help, Q - select action, (/) - cycle Shift-Dir - straight line, f/p - water moccasin
Aim: a water moccasin (heavily wounded, 51% to hit)
You shoot an arrow. The arrow hits the water moccasin!
The water moccasin is almost dead.
* * * LOW HITPOINT WARNING * * *
You feel very sick. The water moccasin bites you.
* * * LOW HITPOINT WARNING * * *
The water moccasin barely misses you.
It was a potion of flight.
You feel very buoyant.
You fly up into the air.
* * * LOW HITPOINT WARNING * * *
You feel very sick. The water moccasin bites you.
You die...

..##.# #.#
#.... #.# ##
... #.# #.#
##.... #.# ..
... #. #.# #
#.#.. #..#.#
#.#/# #..<#
#...# ##..#
##.@.# #..#
#..S## #..#
##...# #..#
#....# ##.#
#...#..# ##..#
#..###..# #..##
#.#
##†#######..#
#.
####.......(..#
#
#....########.#


You could see a water moccasin.

Vanquished Creatures
  A steam dragon (D:6)
  An ice beast (D:6)
  An ogre (D:6)
  2 phantoms (D:5)
  A bullfrog (D:6)
  3 necrophages
  4 scorpions
  A howler monkey (D:6)
  2 vampire bats
  A hound (D:4)
  An orc priest (D:5)
  4 iguanas
  A jelly (D:6)
  10 adders
  8 gnolls
  2 worms
  A dart slug (D:4)
  12 orcs
  2 ball pythons (D:3)
  11 bats
  8 endoplasms
  2 giant cockroaches
  11 goblins
  16 hobgoblins
  4 jackals
  12 kobolds
  2 quokkas
  2 frilled lizards (D:1)
  A rat (D:2)
  A spectral orc (D:3)
128 creatures vanquished.

Notes
Turn   | Place    | Note
-------+----------+-------------------------------------------
     0 | D:1      | Thatpatchoflichen the Barachi Hunter began the quest for
                  | the Orb.
     0 | D:1      | Reached XP level 1. HP: 17/17 MP: 1/1
    20 | D:1      | Reached skill level 1 in Stealth
   174 | D:1      | Reached XP level 2. HP: 23/23 MP: 2/2
   193 | D:1      | Reached skill level 1 in Armour
   202 | D:1      | You fall into a shaft and drop 1 floor!
   324 | D:2      | Reached XP level 3. HP: 28/28 MP: 3/3
   394 | D:2      | Reached skill level 3 in Fighting
   455 | D:1      | Found Yhogh's Magic Scroll Shop.
   480 | D:1      | Reached XP level 4. HP: 35/35 MP: 4/4
  1828 | D:3      | Reached XP level 5. HP: 39/41 MP: 5/5
  2480 | D:4      | Found a burning altar of Makhleb.
  2815 | D:3      | Found a faded altar of an unknown god.
  2942 | D:3      | Found a hazy altar of Hepliaklqana.
  3240 | D:4      | Reached skill level 4 in Fighting
  3270 | D:4      | Reached XP level 6. HP: 48/48 MP: 6/6
  3414 | D:5      | Entered Level 5 of the Dungeon
  3605 | D:4      | Found a basalt altar of Yredelemnul.
  3821 | D:4      | Found a stormy altar of Qazlal.
  4122 | D:5      | Reached skill level 5 in Ranged Weapons
  4545 | D:6      | Found Lomein's General Store.
  4552 | D:6      | Found a staircase to the Ecumenical Temple.
  4571 | D:6      | Found Ofugemut's Antique Armour Shoppe.
  4580 | D:6      | Reached XP level 7. HP: 21/55 MP: 7/7
  4808 | Temple   | Entered the Ecumenical Temple
  4815 | Temple   | Became a worshipper of Ashenzari the Shackled
  4894 | D:6      | Found Liniph's Jewellery Shop.
  4934 | D:6      | Noticed a steam dragon
  4947 | D:6      | Killed a steam dragon
  4948 | D:6      | Reached skill level 5 in Fighting
  5372 | D:5      | Reached skill level 5 in Dodging
  5377 | D:5      | Reached XP level 8. HP: 46/64 MP: 8/8
  5472 | D:5      | Reached skill level 5 in Armour
  5586 | D:5      | Reached skill level 6 in Fighting
  5808 | D:6      | Found Catamyo's Assorted Antiques.
  6575 | D:7      | Reached skill level 7 in Fighting
  6620 | D:7      | Slain by a water moccasin

Illustrated notes

Levels and vault maps discovered:
D:1:      dpeg_arrival_morbid_curiosity, layout_rooms, serial_shops, shop
D:2:      layout_basic
D:3:      minmay_skewed_foursquare, layout_loops_corners,
          nicolae_hepliaklqana_monster_ancestors,
          hellmonk_ecumenical_altar_lost_god, roderic_batcave
D:4:      layout_loops_ring, grunt_qazlal_clouds, bloody_makhleb,
          general_overflow_altar
D:5:      minmay_spotlight, layout_gridville
D:6:      layout_cave_pods, temple_doors_e, serial_shops,
          nicolae_shop_waterfront, nicolae_shop_overgrown_old_shop, shop, shop
D:7:      layout_rooms, fedhas_bush_and_centaur_altar, serial_shops, shop
Temple:   hellmonk_temple_micro_hex

Skill      XL: |  1  2  3  4  5  6  7  8 |
---------------+-------------------------+-----
Stealth        | 1 2 |  2.0
Armour         | 1 2 3 4 6 |  6.0
Fighting       | 3 4 5 7 |  7.0
Dodging        | 3 4 5 6 |  6.0
Ranged Weapons | 5 6 |  6.7

Action                   |  1- 3 |  4- 6 |  7- 9 || total
-------------------------+-------+-------+-------++-------
 Fire: Shortbow          |    80 |   262 |   237 ||   579
  Use: Potion            |       |       |     5 ||     5
       Scroll            |       |       |     3 ||     3
Armor: Leather armour    |    10 |     3 |       ||    13
       Scale mail        |       |   128 |    67 ||   195
Dodge: Dodged            |    19 |   186 |   142 ||   347
